 Dungeon Crawl Stone Soup version 0.25.1-1-g288607f (webtiles) character file.

Game seed: 6562739943297286498

198832 MuCj the Devastator (level 17, 0/138 HPs)
             Began as a Mummy Conjurer on Oct 15, 2020.
             Was an Initiate of Gozag.
             Blown up by an orb spider (20 damage)
             ... with an orb of destruction
             ... on level 2 of the Spider Nest.
             The game lasted 02:52:16 (66180 turns).

MuCj the Devastator (Mummy Conjurer)               Turns: 66180, Time: 02:52:16

Health: 0/138      AC: 24    Str: 16    XL:     17   Next: 82%
Magic:  25/31      EV: 14    Int: 23    God:    Gozag
Gold:   2115       SH:  0    Dex: 17    Spells: 5/37 levels left

rFire    . . .     SeeInvis .   a - +8 demon trident (flame)
rCold    + + +     Gourm    .   O - +3 buckler {rC+}
rNeg     + + +     Faith    .   y - +1 swamp dragon scales of Yredelemnul's Delight {rPois rF+ MR+}
rPois    ∞         Spirit   .   M - +2 helmet {Int+3}
rElec    .         Reflect  .   k - +0 cloak
rCorr    .         Harm     .   N - +2 pair of gloves {Dex+3}
MR       +++..                  n - +2 pair of boots {Stlth+}
Stlth    +.........             F - amulet "Toqaps" {RegenMP Str+2}
HPRegen  0.33/turn              f - ring of Voixkedi {rC++ AC+4 Str+3}
MPRegen  0.47/turn              u - ring of wizardry

@: confused, gold aura
A: no food or potions, fire vulnerability, cold resistance 1, negative energy
resistance 3, torment resistance, unbreathing, in touch with death 1
}: 1/15 runes: decaying
a: Potion Petition, Call Merchant, Bribe Branch, Renounce Religion


You were on level 2 of the Spider Nest.
You worshipped Gozag.
Gozag was most pleased with you.
You were not hungry.

You visited 7 branches of the dungeon, and saw 31 of its levels.
You also visited: Gauntlet.

You collected 16150 gold pieces.
You spent 6159 gold pieces at shops.
You paid 7876 gold pieces to Gozag.

Inventory:

Hand Weapons
 a - a +8 demon trident of flaming (weapon)
 b - the +8 hand crossbow "Fipn" {speed, rF+}
   (You acquired it on level 1 of the Lair of Beasts)

   Attacks with this weapon are significantly faster.
   It protects you from fire.
 D - a +2 vampiric demon trident {!w}
Missiles
 h - 6 throwing nets (quivered) {!f}
 t - 77 bolts
Armour
 k - a +0 cloak (worn)
 n - a +2 pair of boots of stealth (worn)
 y - the +1 swamp dragon scales of Yredelemnul's Delight (worn) {rPois rF+ MR+}
   (You bought it in a shop on level 1 of the Lair of Beasts)

   It protects you from fire.
   It protects you from poison.
   It affects your resistance to hostile enchantments.
 M - a +2 helmet of intelligence (worn)
 N - a +2 pair of gloves of dexterity (worn)
 O - a +3 buckler of cold resistance (worn)
 W - a +2 pair of boots of flying
Jewellery
 e - an uncursed ring of protection from magic
 f - the ring of Voixkedi (left hand) {rC++ AC+4 Str+3}
   (You bought it in a shop on level 1 of the Lair of Beasts)

   [ring of protection]

   It affects your AC (+4).
   It affects your strength (+3).
   It greatly protects you from cold.
 g - the ring of Kashexta {rPois rC+ EV+4 Stlth+}
   (You found it on level 2 of the Lair of Beasts)

   [ring of evasion]

   It affects your evasion (+4).
   It protects you from cold.
   It protects you from poison.
   It makes you more stealthy.
 l - an uncursed ring of fire
 m - an uncursed ring of resist corrosion
 u - a ring of wizardry (right hand)
 F - the amulet "Toqaps" (around neck) {RegenMP Str+2}
   (You took it off a fire giant on level 14 of the Dungeon)

   [amulet of magic regeneration]

   It increases your magic regeneration.
   It affects your strength (+2).
 H - the ring of Dyrunuete {rF+ MR+}
   (You found it in a Gauntlet)

   [ring of protection from fire]

   It protects you from fire.
   It affects your resistance to hostile enchantments.
 I - an uncursed ring of stealth
Wands
 i - a wand of flame (21)
 r - a wand of enslavement (21)
 v - a wand of paralysis (18)
 x - a wand of polymorph (23)
 G - a wand of iceblast (2)
 L - a wand of clouds (5)
 S - a wand of random effects (58)
 Y - a wand of digging (9)
Scrolls
 c - 4 scrolls of fog
 d - 9 scrolls of teleportation {@r4}
 j - 16 scrolls of remove curse {@r2}
 o - a scroll of identify {@r1}
 p - a scroll of torment
 q - a scroll of magic mapping
 s - a scroll of holy word {!r}
 w - 5 scrolls of amnesia
 z - 2 scrolls of random uselessness
 B - 6 scrolls of enchant armour
 E - 4 scrolls of fear
 J - a scroll of brand weapon
 K - a scroll of immolation {!r}
 R - a scroll of summoning
Miscellaneous
 C - a lightning rod (4/4) {!a}
 T - a phial of floods
 Z - a phial of floods


   Skills:
 + Level 13.8 Fighting
 + Level 5.5 Polearms
 - Level 5.0 Crossbows
 + Level 5.1 Armour
 + Level 5.1 Dodging
 - Level 1.5 Stealth
 - Level 4.0 Shields
 + Level 10.5 Spellcasting
 * Level 15.3 Conjurations
 + Level 2.3 Summonings
 - Level 4.0 Translocations
 - Level 4.0 Fire Magic
 - Level 10.0 Ice Magic
 - Level 8.0 Air Magic
 + Level 3.1 Poison Magic
 - Level 5.0 Evocations


You had 5 spell levels left.
You knew the following spells:

 Your Spells              Type           Power        Failure   Level  Hunger
a - Shock                 Conj/Air       ####         1%          1    N/A
b - Searing Ray           Conj           ######       1%          2    N/A
c - Iskenderun's Mystic   Conj/Tloc      ######..     1%          4    N/A
d - Conjure Flame         Conj/Fire      ######..     1%          3    N/A
e - Mephitic Cloud        Conj/Pois/Air  ######..     1%          3    N/A
f - Freezing Cloud        Conj/Ice/Air   ######....   6%          6    N/A
g - Sticky Flame          Conj/Fire      ######..     1%          4    N/A
h - Orb of Destruction    Conj           ######....   6%          7    N/A
i - Summon Butterflies    Summ           ###.....     1%          1    N/A
j - Apportation           Tloc           ####..       1%          1    N/A

Your spell library contained the following spells:

 Spells                   Type           Power        Failure   Level  Hunger
 Magic Dart               Conj           ####         0%          1    N/A
 Poisonous Vapours        Pois/Air       #####.       1%          2    N/A
 Swiftness                Chrm/Air       ####....     1%          2    N/A
 Dazzling Flash           Conj/Hex       #####.       1%          3    N/A
 Ozocubu's Armour         Chrm/Ice       #####...     1%          3    N/A
 Static Discharge         Conj/Air       ######..     1%          3    N/A
 Airstrike                Air            #####.....   1%          4    N/A
 Fulminant Prism          Conj/Hex       #####.....   1%          4    N/A
 Lightning Bolt           Conj/Air       ######....   1%          5    N/A
 Gell's Gravitas          Tloc           ####......   2%          3    N/A
 Lesser Beckoning         Tloc           ####......   2%          3    N/A
 Animate Skeleton         Necr           N/A          4%          1    N/A
 Pain                     Necr           ###.         4%          1    N/A
 Portal Projectile        Hex/Tloc       ###...       5%          3    N/A
 Song of Slaying          Chrm           ##......     6%          2    N/A
 Confusing Touch          Hex            ##......     12%         3    N/A
 Spectral Weapon          Hex/Chrm       ##......     12%         3    N/A
 Tukima's Dance           Hex            ##......     12%         3    N/A
 Vampiric Draining        Necr           ###.......   12%         3    N/A
 Metabolic Englaciation   Hex/Ice        #####.....   14%         5    N/A
 Silence                  Hex/Air        ####......   21%         5    N/A
 Animate Dead             Necr           N/A          34%         4    N/A
 Cause Fear               Hex            ##........   34%         4    N/A
 Petrify                  Tmut/Erth      ##......     34%         4    N/A
 Alistair's Intoxication  Tmut/Pois      ###.....     45%         5    N/A
 Agony                    Necr           ###.....     69%         5    N/A
 Excruciating Wounds      Chrm/Necr      ###.......   69%         5    N/A
 Yara's Violent Unravell  Hex/Tmut       ##........   69%         5    N/A
 Conjure Ball Lightning   Conj/Air       ######....   4%          6    N/A
 Dispersal                Tloc           ####......   71%         6    N/A
 Invisibility             Hex            ##......     99%         6    N/A
 Haunt                    Necr/Summ      ####......   100%        7    N/A
 Ring of Flames           Chrm/Fire      ###.......   100%        7    N/A
 Controlled Blink         Tloc           N/A          100%        8    N/A
 Discord                  Hex            ##........   100%        8    N/A
 Disjunction              Tloc           ####......   100%        8    N/A
 Infestation              Necr           ###.......   100%        8    N/A
 Borgnjor's Revivificati  Necr           Unusable     N/A         8    N/A
 Death's Door             Chrm/Necr      Unusable     N/A         8    N/A
 Necromutation            Tmut/Necr      Unusable     N/A         8    N/A

Dungeon Overview and Level Annotations

Branches:
Dungeon (15/15)            Temple (1/1) D:5            Lair (6/6) D:9
  Swamp (4/4) Lair:4       Spider (2/4) Lair:2        Slime (0/5) Lair:6
    Orc (2/2) D:9             Elf (1/3) Orc:2        Vaults (0/5) D:13
 Depths (0/5) D:15        Gauntlet (visited)

Altars:
Ashenzari
Cheibriados
Dithmenos
Elyvilon
Fedhas
Gozag
Hepliaklqana
Kikubaaqudgha
Makhleb
Nemelex Xobeh
Okawaru
Qazlal
Ru
Sif Muna
Trog
Uskayaw
Vehumet
Wu Jian
Xom
Yredelemnul
Zin
The Shining One

Shops:
D:14 }}*   D:15 ([(   Orc:2 (}??   Elf:1 ?   Lair:1 [**=[*[=

Portals:
Pandemonium: Orc:2

Annotations:
D:4 1 runed translucent door, Kave's ghost, amateur TrTm
D:5 exclusion: statue
D:9 exclusion: oklob plant
D:12 1 runed translucent door, exclusion: obsidian statue
D:13 1 runed translucent door, Dogh's ghost, journeyman DDIE
Swamp:2 Bai Suzhen
Elf:1 Roxanne


Innate Abilities, Weirdness & Mutations

You do not eat or drink.
Your flesh is vulnerable to fire.
You are immune to poison.
Your flesh is cold resistant. (rC+)
You are immune to negative energy. (rN+++)
You are immune to unholy pain and torment.
You can survive without breathing.
You are in touch with the powers of death.


Message History

You puncture the tarantella! You burn the tarantella.
You kill the tarantella!
The jumping spider leaps!
The orb spider weaves a glowing orb of energy.
The jumping spider pounces on you.
* * * LOW HITPOINT WARNING * * *
The jumping spider barely misses you.
The jumping spider leaps!
The redback misses you.
An orb of destruction comes into view.
The jumping spider barely misses you.
The jumping spider bites you but does no damage.
The jumping spider leaps!
The jumping spider pounces on you but does no damage.
The jumping spider misses you.
The orb spider spins a strand of pure energy.
The redback barely misses you.
You puncture the redback! You burn the redback.
The redback is almost dead.
The orb of destruction hits you!!
You die...

.........# #..
##...#..## ...
#.#.....)##.#
##..###.$#.#
#.....^...##
###.......^######.
##.^.s#$.$.....#
###..°○s#..≈..#
#..s@s..#≈≈≈
##...#.###≈≈#
####<....#
#.#..^## ## .###
.s ... .... .#...


You could see an orb spider (charged), 3 jumping spiders and a redback.

Vanquished Creatures
  6 thorn hunters
  A storm dragon (D:14)
  A fire giant (D:14)
  Louise (Swamp:2)
  A stone giant (D:14)
  Azrael (D:12)
  A minotaur (Gauntlet)
  An ettin (D:14)
  Snorg (D:11)
  A deep elf death mage (Elf:1)
  Josephine (D:11)
  A deep elf high priest (Elf:1)
  An ogre mage (D:15)
  4 catoblepae
  25 hydras
  An ice dragon (shapeshifter) (D:15)
  3 ghost crabs (Swamp:3)
  Harold (D:9)
  A shambling mangrove (Swamp:2)
  4 centaur warriors
  2 death knights (D:15)
  5 two-headed ogres
  6 alligators
  7 death yaks
  5 orc high priests (Orc:2)
  A tengu warrior (D:15)
  Urug (D:12)
  A sun demon (Orc:2)
  2 deep elf knights (Elf:1)
  8 skeletal warriors
  2 spriggan druids (Swamp:3)
  2 infernal demonspawn (Orc:2)
  A torturous demonspawn (Orc:2)
  3 unseen horrors
  7 deep elf archers (Elf:1)
  A necromancer (Gauntlet)
  Pikel (D:3)
  7 swamp dragons
  A harpy (shapeshifter) (D:14)
  5 orc knights
  8 orc sorcerers
  A wolf spider zombie (D:12)
  4 orb spiders
  24 deep elf magi
  4 cyclopes
  10 wolf spiders
  A faun (shapeshifter) (D:15)
  13 ugly things
  10 elephants
  2 manticores (Lair:6)
  4 black mambas
  An eye of devastation (Lair:6)
  An ice statue (Gauntlet)
  A guardian serpent (shapeshifter) (D:14)
  2 gargoyles
  2 orange demons (Orc:2)
  18 spiny frogs
  4 centaur skeletons
  5 rime drakes
  A komodo dragon (shapeshifter) (D:15)
  2 kobold demonologists
  A rime drake (shapeshifter) (D:15)
  An efreet (D:13)
  4 freezing wraiths
  9 komodo dragons
  A harpy zombie (D:15)
  An ice devil (Orc:2)
  A demonic crawler (Spider:1)
  10 tyrant leeches
  5 trolls
  4 hornets
  7 polar bears
  4 blink frogs (Lair:1)
  30 slime creatures
  6 bog bodies
  11 hippogriffs
  A centaur simulacrum (D:14)
  12 flying skulls (Gauntlet)
  7 redbacks
  3 spriggans
  Sigmund (D:6)
  3 shadows
  A water elemental (Elf:1)
  6 tarantellas
  6 wraiths
  7 fire elementals
  2 wyverns
  2 basilisks
  82 yaks
  4 hungry ghosts
  A chaos spawn (Orc:2)
  20 vampire mosquitoes
  18 swamp worms
  2 acid dragons
  2 wargs (Orc:1)
  18 insubstantial wisps
  A floating eye (shapeshifter) (D:14)
  14 water moccasins
  10 porcupines
  2 hell hounds (D:12)
  4 sky beasts
  37 orc warriors
  A necrophage (D:8)
  2 eyes of draining
  5 ice beasts
  15 swamp drakes
  A black bear (shapeshifter) (D:15)
  15 ogres
  8 black bears
  4 phantoms
  4 slaves
  13 wolves
  4 boggarts (D:15)
  12 centaurs
  5 crocodiles
  Blork the orc (D:6)
  9 bullfrogs
  An earth elemental (Elf:1)
  3 big kobolds
  A wyvern zombie (D:13)
  6 scorpions
  3 killer bees (D:13)
  21 wights
  An electric eel (Lair:2)
  2 crimson imps
  2 bullfrog zombies
  5 centaur zombies
  6 jellies
  3 quasits
  30 orc priests
  10 hounds
  A bullfrog skeleton (D:11)
  A gnoll shaman (D:4)
  23 orc wizards
  12 worker ants
  A hound zombie (D:5)
  4 worker ant zombies
  4 gnolls (D:4)
  15 adders
  A howler monkey skeleton (D:5)
  2 shadow imps
  An ooze (D:4)
  2 adder skeletons
  4 worms
  3 dart slugs
  8 leopard geckos
  106 orcs
  2 ball pythons
  4 bats (D:3)
  5 giant cockroaches
  8 goblins
  8 hobgoblins
  6 jackals
  23 kobolds
  5 quokkas
  A ball python skeleton (D:4)
  5 frilled lizards
  A giant cockroach zombie (D:5)
  A leopard gecko skeleton (D:6)
  9 rats
  A fungus (Lair:4)
1064 creatures vanquished.

Vanquished Creatures (others)
  An alligator (Swamp:3)
  5 dancing weapons (Elf:1)
  A wizard (D:15)
  A polar bear (D:11)
  A water elemental (Elf:1)
  A sky beast (D:11)
  A jelly (D:13)
  A briar patch (Swamp:4)
  18 fulminant prisms
  10 fungi
  14 plants (Lair:6)
54 creatures vanquished.

Grand Total: 1118 creatures vanquished

Notes
Turn   | Place    | Note
-------+----------+-------------------------------------------
     0 | D:1      | MuCj the Mummy Conjurer began the quest for the Orb.
     0 | D:1      | Reached XP level 1. HP: 13/13 MP: 4/4
   334 | D:1      | Reached XP level 2. HP: 20/20 MP: 3/5
   397 | D:1      | Reached skill level 1 in Fighting
  1223 | D:2      | Learned a level 2 spell: Searing Ray
  1276 | D:2      | Reached XP level 3. HP: 17/26 MP: 0/7
  2780 | D:3      | Reached XP level 4. HP: 33/33 MP: 2/8
  2963 | D:3      | Reached skill level 4 in Conjurations
  3212 | D:3      | Found a hide-covered altar of Uskayaw.
  3756 | D:3      | Reached XP level 5. HP: 36/39 MP: 6/10
  4411 | D:3      | Found a sacrificial altar of Ru.
  4415 | D:3      | Found an ancient bone altar of Kikubaaqudgha.
  4754 | D:4      | Noticed an ogre
  4759 | D:4      | Killed an ogre
  4896 | D:4      | Reached XP level 6. HP: 47/47 MP: 12/12
  4902 | D:4      | Learned a level 4 spell: Iskenderun's Mystic Blast
  5541 | D:4      | Reached skill level 1 in Translocations
  5597 | D:4      | Reached skill level 5 in Conjurations
  5677 | D:4      | Reached XP level 7. HP: 54/54 MP: 9/13
  6007 | D:4      | Found a runed translucent door.
  6008 | D:4      | Noticed Kave's ghost (amateur TrTm)
  6096 | D:4      | Noticed Pikel
  8020 | D:5      | Entered Level 5 of the Dungeon
  8020 | D:5      | Found a staircase to the Ecumenical Temple.
  8055 | Temple   | Entered the Ecumenical Temple
  8173 | Temple   | Became a worshipper of Gozag Ym Sagoz the Greedy
  8195 | D:5      | Got a faintly glowing dagger
  8448 | D:5      | Found a stormy altar of Qazlal.
  8833 | D:3      | Found a hide-covered altar of Uskayaw.
  9034 | D:3      | Killed Pikel
  9034 | D:3      | Reached skill level 5 in Fighting
  9034 | D:3      | Reached skill level 5 in Spellcasting
  9034 | D:3      | Reached skill level 6 in Conjurations
  9034 | D:3      | Reached XP level 8. HP: 19/62 MP: 3/16
  9041 | D:3      | Identified the cursed +0 dagger of Yddoykag {vorpal, Int+5}
                  | (You found it on level 5 of the Dungeon)
  9460 | D:3      | Found a sacrificial altar of Ru.
  9466 | D:3      | Found an ancient bone altar of Kikubaaqudgha.
  9624 | D:5      | Found a radiant altar of Vehumet.
  9717 | D:5      | Found a burning altar of Makhleb.
  9810 | D:5      | Found a glowing golden altar of the Shining One.
 10092 | D:6      | Noticed a hippogriff
 10102 | D:6      | Killed a hippogriff
 10568 | D:6      | Reached skill level 7 in Conjurations
 10568 | D:6      | Reached XP level 9. HP: 69/69 MP: 12/18
 10711 | D:6      | Noticed Sigmund
 10719 | D:6      | Killed Sigmund
 10965 | D:6      | Noticed Blork the orc
 10972 | D:6      | Killed Blork the orc
 12112 | D:7      | Reached skill level 8 in Conjurations
 12477 | D:8      | You fall into a shaft and drop 2 floors!
 12477 | D:10     | Entered Level 10 of the Dungeon
 12599 | D:9      | Reached XP level 10. HP: 41/79 MP: 8/22
 12847 | D:8      | Got an ichor-stained plate armour
 12890 | D:8      | Found an ornate altar of the Wu Jian Council.
 13913 | D:8      | Reached skill level 9 in Conjurations
 14097 | D:9      | Found a staircase to the Lair.
 14107 | Lair:1   | Entered Level 1 of the Lair of Beasts
 14133 | D:9      | Found a staircase to the Orcish Mines.
 14280 | D:9      | Found a bloodstained altar of Trog.
 14281 | D:9      | Noticed Harold
 14293 | D:9      | Killed Harold
 14705 | D:9      | Found a blossoming altar of Fedhas.
 14725 | D:9      | Noticed an oklob plant
 14847 | D:10     | Reached skill level 10 in Conjurations
 15061 | D:10     | Noticed a four-headed hydra
 15073 | D:10     | Killed a four-headed hydra
 15089 | D:10     | Reached XP level 11. HP: 48/89 MP: 5/23
 16133 | Lair:1   | Bought a runed helmet for 210 gold pieces
 16133 | Lair:1   | Bought a pair of embroidered gloves for 210 gold pieces
 16199 | Lair:1   | Identified a scroll of acquirement
 16199 | Lair:1   | Acquired 1820 gold pieces
 16208 | Lair:1   | Bought the ring of Voixkedi {rC++ AC+4 Str+3} for 1068 gold
                  | pieces
 16301 | Lair:1   | Reached skill level 11 in Conjurations
 16323 | Lair:1   | You fall into a shaft and drop 1 floor!
 16497 | Lair:2   | Got a scorched amber ring
 17088 | Lair:1   | Reached skill level 10 in Fighting
 17234 | Lair:1   | Acquired 2000 gold pieces
 17236 | Lair:1   | Acquired a book of Clouds
 17240 | Lair:1   | Acquired the +8 hand crossbow "Fipn" {speed, rF+}
 17641 | Lair:1   | Identified the ring of Kashexta {rPois rC+ EV+4 Stlth+}
                  | (You found it on level 2 of the Lair of Beasts)
 17651 | Lair:1   | Bought slimy swamp dragon scales for 1540 gold pieces
 17651 | Lair:1   | Identified the cursed +1 swamp dragon scales of
                  | Yredelemnul's Delight {rPois rF+ MR+} (You bought it in a
                  | shop on level 1 of the Lair of Beasts)
 17684 | Lair:1   | Learned a level 3 spell: Conjure Flame
 17688 | Lair:1   | Learned a level 3 spell: Mephitic Cloud
 17695 | Lair:1   | Learned a level 6 spell: Freezing Cloud
 17783 | Lair:1   | Reached skill level 1 in Ice Magic
 17783 | Lair:1   | Reached skill level 1 in Air Magic
 18266 | Lair:2   | Reached skill level 1 in Fire Magic
 18266 | Lair:2   | Reached skill level 1 in Poison Magic
 18304 | Lair:2   | Reached skill level 1 in Crossbows
 18374 | Lair:2   | Reached XP level 12. HP: 83/97 MP: 17/24
 18580 | Lair:2   | Found a hole to the Spider Nest.
 19123 | Lair:3   | Reached skill level 12 in Conjurations
 19372 | Lair:3   | Reached skill level 1 in Armour
 20035 | Lair:3   | Noticed a four-headed hydra
 20044 | Lair:3   | Killed a four-headed hydra
 20461 | Lair:4   | Found a staircase to the Swamp.
 20513 | Lair:4   | Found a gate leading to a gauntlet.
 20535 | Lair:4   | Got an ivory rapier
 20544 | Lair:4   | Identified the +5 rapier of Aschoq {vamp, *Corrode rF+
                  | Dex+4} (You found it on level 4 of the Lair of Beasts)
 20546 | Gauntlet | Entered a Gauntlet
 20546 | Gauntlet | Found a transporter.
 20546 | Gauntlet | Found a transporter.
 20562 | Gauntlet | Found a transporter.
 20580 | Gauntlet | Found a transporter.
 20580 | Gauntlet | Found a transporter.
 20582 | Gauntlet | Found a transporter.
 20582 | Gauntlet | Found a transporter.
 20583 | Gauntlet | Found a transporter.
 20586 | Gauntlet | Found a runed translucent door.
 20586 | Gauntlet | Noticed a reaper
 20593 | Gauntlet | Found a transporter.
 20609 | Gauntlet | Found a transporter.
 20611 | Gauntlet | Found a runed translucent door.
 20619 | Gauntlet | Found a transporter.
 20633 | Gauntlet | Found a transporter.
 20653 | Gauntlet | Found a transporter.
 20654 | Gauntlet | Found a runed translucent door.
 20667 | Gauntlet | Found a transporter.
 20746 | Gauntlet | Got a transparent pewter ring
 20767 | Gauntlet | Identified the cursed ring of the Cuttlefish {AC-4 Int+3}
                  | (You found it in a Gauntlet)
 20975 | Gauntlet | Learned a level 4 spell: Fulminant Prism
 21147 | Gauntlet | Got a steaming tin ring
 21214 | Gauntlet | Identified the ring of Dyrunuete {rF+ MR+} (You found it in
                  | a Gauntlet)
 21230 | Gauntlet | Noticed a minotaur
 21251 | Gauntlet | Killed a minotaur
 21483 | Gauntlet | Identified the Reference Book on Aid
 21921 | Lair:4   | Gained mutation: You are in touch with the powers of death.
                  | [Mummy growth]
 21921 | Lair:4   | Reached XP level 13. HP: 96/105 MP: 15/25
 22015 | Lair:4   | Learned a level 1 spell: Shock
 22078 | Lair:4   | Reached skill level 5 in Air Magic
 22079 | Lair:4   | Reached skill level 1 in Shields
 22230 | Lair:4   | Reached skill level 5 in Ice Magic
 23378 | Lair:5   | Got a smoking ring mail
 23599 | Lair:6   | Entered Level 6 of the Lair of Beasts
 25764 | Lair:6   | Found a staircase to the Slime Pits.
 25774 | Lair:6   | Identified the cursed +1 ring mail of the Ditch-Digger
                  | {rPois Dex+6} (You found it on level 5 of the Lair of
                  | Beasts)
 25929 | Lair:1   | Bought a pair of glowing boots for 210 gold pieces
 28944 | Lair:6   | Reached XP level 14. HP: 59/113 MP: 6/26
 30991 | Lair:1   | Bought a steaming helmet for 247 gold pieces
 31001 | Lair:1   | Identified the +3 helmet "Tasai" {rPois Stlth+} (You bought
                  | it in a shop on level 1 of the Lair of Beasts)
 31071 | Lair:1   | Bought an uncursed ring of wizardry for 480 gold pieces
 31412 | D:11     | Noticed Snorg
 31412 | D:11     | Noticed Josephine
 31680 | D:11     | Killed Josephine
 31704 | D:11     | Killed Snorg
 32584 | D:11     | Reached skill level 5 in Crossbows
 33149 | D:12     | Noticed Urug
 33434 | D:12     | Killed Urug
 33890 | D:12     | Reached skill level 5 in Armour
 34525 | D:12     | Noticed Azrael
 34559 | D:12     | Killed Azrael
 34559 | D:12     | Reached skill level 13 in Conjurations
 34986 | D:12     | Found a runed translucent door.
 35023 | D:12     | Found a runed translucent door.
 35252 | D:12     | Found a runed translucent door.
 35263 | D:12     | Found a runed translucent door.
 35733 | Orc:1    | Entered Level 1 of the Orcish Mines
 35856 | Lair:1   | Bought a smoking robe for 239 gold pieces
 35856 | Lair:1   | Identified the cursed +1 robe "Paraujet" {*Drain Dex+7}
                  | (You bought it in a shop on level 1 of the Lair of Beasts)
 36359 | Orc:1    | Found a dark tunnel.
 36473 | Orc:2    | Entered Level 2 of the Orcish Mines
 36737 | Orc:2    | Found a staircase to the Elven Halls.
 37009 | Orc:2    | Found Foegaon's Magic Scroll Boutique.
 37086 | Orc:2    | Found Guror's Magic Scroll Shop.
 38262 | Orc:2    | Bought a scroll of enchant weapon for 112 gold pieces
 38262 | Orc:2    | Bought a scroll of acquirement for 780 gold pieces
 38263 | Orc:2    | Acquired Paaseyk's Incunabulum of Conjuration
 38265 | Orc:2    | Bought a scroll of teleportation for 45 gold pieces
 38265 | Orc:2    | Bought a scroll of blinking for 112 gold pieces
 38267 | Orc:2    | Bought a scroll of enchant weapon for 112 gold pieces
 38273 | Orc:2    | Learned a level 4 spell: Sticky Flame
 38281 | Orc:2    | Learned a level 7 spell: Orb of Destruction
 38304 | Orc:2    | Reached XP level 15. HP: 121/121 MP: 16/27
 39452 | Orc:2    | Found Taokuhat's Antique Weapon Emporium.
 39452 | Orc:2    | Found Eler's Gadget Shoppe.
 39453 | Orc:2    | Found a one-way gate leading to the halls of Pandemonium.
 40409 | Swamp:1  | Entered Level 1 of the Swamp
 42497 | Swamp:2  | Got an iridescent shortbow
 42578 | Swamp:2  | Got a distressingly furry scale mail
 42590 | Swamp:2  | Identified the cursed +1 scale mail "Keklosm" {Dex+4} (You
                  | found it on level 2 of the Swamp)
 43181 | Swamp:2  | Learned a level 1 spell: Summon Butterflies
 43756 | Swamp:2  | Noticed Louise
 43837 | Swamp:2  | Killed Louise
 43942 | Swamp:2  | Noticed a thorn hunter
 43952 | Swamp:2  | Killed a thorn hunter
 43952 | Swamp:2  | Reached skill level 1 in Polearms
 43952 | Swamp:2  | Reached skill level 1 in Evocations
 46305 | Lair:1   | Bought a shiny ruby ring for 125 gold pieces
 46454 | Lair:1   | Bought a scroll of identify for 24 gold pieces
 46454 | Lair:1   | Bought a scroll of identify for 24 gold pieces
 46454 | Lair:1   | Identified the +11 shortbow of Amotakui {venom, rPois rF+
                  | Dex+5} (You found it on level 2 of the Swamp)
 46701 | Swamp:3  | Noticed Bai Suzhen
 47746 | Swamp:4  | Entered Level 4 of the Swamp
 49642 | Swamp:4  | Reached XP level 16. HP: 129/129 MP: 20/29
 50438 | Swamp:4  | Noticed a thorn hunter
 50443 | Swamp:4  | Killed a thorn hunter
 50467 | Swamp:4  | Reached skill level 10 in Spellcasting
 51156 | Swamp:4  | Noticed a thorn hunter
 51174 | Swamp:4  | Killed a thorn hunter
 51306 | Swamp:4  | Reached skill level 14 in Conjurations
 52251 | Swamp:4  | Noticed a thorn hunter
 52257 | Swamp:4  | Killed a thorn hunter
 52418 | Swamp:4  | Noticed a thorn hunter
 52429 | Swamp:4  | Killed a thorn hunter
 52666 | Swamp:4  | Noticed a thorn hunter
 52674 | Swamp:4  | Killed a thorn hunter
 53064 | Swamp:4  | Got a glimmering halberd
 53071 | Swamp:4  | Got a decaying rune of Zot
 53282 | Swamp:4  | Identified the +4 halberd "Heton" {vorpal, rF++ rC- Str+4}
                  | (You found it on level 4 of the Swamp)
 54470 | D:13     | Reached skill level 5 in Dodging
 55701 | D:13     | Found a gate to the Vaults.
 55862 | D:13     | Found a runed translucent door.
 55862 | D:13     | Noticed Dogh's ghost (journeyman DDIE)
 56269 | D:14     | Found Qosill's Gadget Shoppe.
 56314 | D:14     | Found Jagoc's General Store.
 56321 | D:14     | Bought a scroll of enchant weapon for 127 gold pieces
 56351 | D:14     | Reached skill level 10 in Ice Magic
 56434 | D:14     | Found Ycrytzekho's Food Boutique.
 56952 | D:14     | Found Uti Faupala's Gadget Shop.
 57429 | D:14     | Identified the amulet "Toqaps" {RegenMP Str+2}
 58422 | D:14     | Noticed a storm dragon
 58427 | D:14     | Killed a storm dragon
 58540 | D:14     | Reached XP level 17. HP: 135/137 MP: 5/31
 59489 | D:15     | Entered Level 15 of the Dungeon
 59767 | D:15     | Found Weashral's Antique Armour Emporium.
 59775 | D:15     | Bought a spiked helmet for 389 gold pieces
 59780 | D:15     | Identified the cursed -4 helmet of Crawling {rF+ Dex+3}
                  | (You bought it in a shop on level 15 of the Dungeon)
 60431 | D:15     | Found Vubbosm's Weapon Shoppe.
 60511 | D:15     | Found Cuiguul's Weapon Boutique.
 61323 | D:15     | Noticed a quicksilver dragon
 61326 | D:15     | a quicksilver dragon changed into an alligator snapping
                  | turtle
 61610 | D:15     | Found a staircase to the Depths.
 62005 | D:15     | Reached skill level 15 in Conjurations
 62572 | Lair:1   | Learned a level 1 spell: Apportation
 62635 | Elf:1    | Entered Level 1 of the Elven Halls
 62755 | Elf:1    | Reached skill level 5 in Polearms
 62811 | Elf:1    | Reached skill level 5 in Evocations
 62812 | Elf:1    | Reached skill level 1 in Summonings
 63051 | Elf:1    | Noticed Roxanne
 63089 | Elf:1    | Found Gusuimp's Magic Scroll Emporium.
 63093 | Elf:1    | Bought a scroll of enchant weapon for 105 gold pieces
 65136 | Spider:1 | Entered Level 1 of the Spider Nest
 66180 | Spider:2 | Blown up by an orb spider

Illustrated notes

Levels and vault maps discovered:
D:1:      lightli_arrival_flooded_house, layout_rooms
D:2:      layout_basic
D:3:      layout_loops_ring, old_standard_altar, minitemple, first_ration,
          minmay_fractal_squares_5
D:4:      layout_layer_cave, ebering_ghost_reflecting_pool, uniq_pikel
D:5:      layout_rooms, vehumet_statue, lemuel_round_altar, tso_altar,
          makhleb_blood_cavern_becter, minmay_temple_entry_arrows,
          minmay_small_thing
D:6:      layout_loops_corners, uniq_blork_the_orc, uniq_sigmund
D:7:      layout_rooms
D:8:      layout_loops_ring, kennysheep_little_box, grunt_pizzeria
D:9:      layout_rooms, lemuel_round_altar, lair_entry_dummy, david_orc_2,
          tgw_fedhas, uniq_harold
D:10:     layout_cave_pools, nicolae_two_hexagons
D:11:     layout_loops_ring, portal_ice_cave_entry_animals_and_master,
          uniq_snorg, uniq_josephine
D:12:     layout_basic, drop_trap, minmay_statue_crystal_thing, uniq_urug,
          uniq_azrael
D:13:     layout_loops_ring, david_vaults_1, ebering_ghost_inner_flame
D:14:     minmay_tile_spiral, layout_irregular_city, serial_shops, shop,
          nicolae_shop_waterfront, shop, nicolae_shop_crystal,
          chequers_serial_rivers_micro_b, nrook_mini_vaults
D:15:     gammafunk_enter_depths_forms, layout_gridville, serial_shops,
          nicolae_shop_stone, nicolae_shop_statue_plus, shop, bh_walls_and_bars,
          minmay_librarian
Temple:   cyrus_circular_temple
Lair:1:   beast_lair_carwin_large_1, layout_regular_city, grunt_megastairs_3
Lair:2:   layout_chaotic_city, nicolae_spider_entry_orb_guardian,
          serial_bayou_ford_a
Lair:3:   layout_chaotic_city, serial_bayou_shore_a, lemuel_fruit_tree,
          serial_bayou_shore_b, grunt_megastairs_5, infiniplex_staircase_pool
Lair:4:   layout_regular_city, minmay_swamp_entry_swarm, gauntlet_entry_generic,
          grunt_megastairs_4
Lair:5:   layout_gridlike
Lair:6:   evilmike_catoblepas_cave, layout_hall_layers, minmay_slime_entry_eyes
Swamp:1:  layout_basic_swamp, evilmike_swamp_ruin_house_5, swamp_pool1
Swamp:2:  layout_basic_swamp, hangedman_swamp_diagram, uniq_louise
Swamp:3:  layout_falls_marsh, evilmike_swamp_ruin_house_1, uniq_bai_suzhen
Swamp:4:  swamp, layout_basic_swamp, infiniplex_staircase_pool_2
Spider:1: layout_spider_delve, nicolae_spider_webbed_stairs
Spider:2: layout_spider_delve
Orc:1:    layout_caves, nicolae_volcano_entry_s_turn
Orc:2:    pf_orc_diabolical, layout_caves
Elf:1:    eino_elf_arrival_customs, layout_geoelf_octagon, serial_shops, shop,
          kennysheep_underground_church, uniq_roxanne

Skill      XL: |  1  2  3  4  5  6  7  8  9 10 11 12 13 14 15 16 17 |
---------------+----------------------------------------------------+-----
Fighting       | 1 2 3 4 5 7 9 10 11 12 13 | 13.8
Spellcasting   | 3 4 5 6 8 9 10 | 10.5
Dodging        | 2 3 4 5 |  5.1
Conjurations   | 4 5 6 7 8 10 11 12 13 14 15 | 15.3
Translocations | 1 2 3 4 |  4.0
Ice Magic      | 1 4 6 8 9 10 | 10.0
Air Magic      | 2 4 6 7 8 |  8.0
Fire Magic     | 1 2 3 4 |  4.0
Poison Magic   | 1 2 3 |  3.1
Crossbows      | 1 3 4 5 |  5.0
Armour         | 2 4 5 |  5.1
Shields        | 4 |  4.0
Polearms       | 1 4 5 |  5.5
Evocations     | 1 3 5 |  5.0
Summonings     | 2 |  2.3
Stealth        | |  1.5

Action                   |  1- 3 |  4- 6 |  7- 9 | 10-12 | 13-15 | 16-18 || total
-------------------------+-------+-------+-------+-------+-------+-------++-------
Melee: Unarmed           |     6 |       |       |       |       |       ||     6
       Short sword       |    30 |    33 |       |       |       |       ||    63
       Whip              |       |    14 |    10 |    31 |       |       ||    55
       Dagger            |       |       |    25 |     9 |       |       ||    34
       Demon trident     |       |       |       |     6 |   805 |   479 ||  1290
 Fire: Hunting sling     |       |     6 |       |       |       |       ||     6
       Hand crossbow     |       |       |       |   140 |    84 |     7 ||   231
Throw: Throwing net      |       |       |     2 |     1 |       |       ||     3
 Cast: Magic Dart        |    76 |    80 |   106 |   126 |       |       ||   388
       Searing Ray       |     1 |    11 |    72 |    84 |   120 |    10 ||   298
       Iskenderun's Myst |       |       |     3 |    60 |   203 |    94 ||   360
       Fulminant Prism   |       |       |       |    11 |     7 |       ||    18
       Mephitic Cloud    |       |       |       |     5 |    26 |     1 ||    32
       Shock             |       |       |       |       |   130 |     6 ||   136
       Freezing Cloud    |       |       |       |       |    67 |    54 ||   121
       Orb of Destructio |       |       |       |       |    95 |   136 ||   231
       Sticky Flame      |       |       |       |       |     1 |       ||     1
       Apportation       |       |       |       |       |       |     1 ||     1
Invok: Call Merchant     |       |       |       |     4 |     3 |     1 ||     8
Evoke: Wand              |       |       |       |    13 |    19 |     6 ||    38
       Phial of floods   |       |       |       |       |     1 |       ||     1
       Phantom mirror    |       |       |       |       |     1 |       ||     1
  Use: Scroll            |     1 |       |     6 |    23 |    34 |    11 ||    75
 Stab: Sleeping          |       |       |     1 |       |     7 |     7 ||    15
       Confused          |       |       |       |       |     3 |       ||     3
       Paralysed         |       |       |       |       |     9 |       ||     9
       Distracted        |       |       |       |       |     1 |     4 ||     5
Armor: Robe              |     5 |       |       |       |       |       ||     5
       Leather armour    |     8 |    20 |    80 |   114 |       |       ||   222
       Swamp dragon scal |       |       |       |    81 |   771 |   318 ||  1170
Dodge: Dodged            |    21 |    45 |   106 |   208 |   663 |   315 ||  1358
Block: Buckler           |       |       |       |       |   422 |   265 ||   687
